 Dungeon Crawl Stone Soup version 0.21.0-3-g78d12a8 (webtiles) character file.

5614 Mgcat the Cleaver (level 10, -5/90 HPs)
             Began as a Minotaur Berserker on Jan 10, 2018.
             Was an Elder of Trog.
             Slain by a wyvern (16 damage)
             ... on level 8 of the Dungeon.
             The game lasted 00:24:35 (8901 turns).

Mgcat the Cleaver (Minotaur Berserker)              Turns: 8901, Time: 00:24:36

Health: -5/90      AC: -2    Str: 22    XL:     10   Next: 45%
Magic:  11/11      EV: 10    Int:  4    God:    Trog [****..]
Gold:   473        SH:  0    Dex: 13    Spells: 9/9 levels left

rFire    . . .     SeeInvis .   C - +0 war axe
rCold    . . .     Gourm    .   (no shield)
rNeg     . . .     Faith    .   y - +0 plate armour
rPois    .         Spirit   .   (helmet restricted)
rElec    .         Reflect  .   (no cloak)
rCorr    .         Harm     .   (no gloves)
MR       ++...                  (no boots)
Stlth    ..........             (no amulet)
HPRegen  1.25/turn              v - +3 ring of evasion
MPRegen  0.12/turn              (no ring)

@: corroded, berserk cooldown, regenerating, slowed, very slow
A: retaliatory headbutt, horns 2
a: Berserk, Trog's Hand, Brothers in Arms, Burn Spellbooks, Renounce Religion


You were on level 8 of the Dungeon.
You worshipped Trog.
Trog was greatly pleased with you.
You were near starving.

You visited 1 branch of the dungeon, and saw 8 of its levels.

You collected 473 gold pieces.

Inventory:

Hand Weapons
 a - a +0 hand axe
 w - a +0 trident of protection
 C - a +0 war axe (weapon)
Armour
 d - a +0 chain mail
 y - a +0 plate armour (worn)
Jewellery
 n - an uncursed ring of fire
 u - an uncursed ring of wizardry
 v - a +3 ring of evasion (left hand)
Wands
 r - a wand of clouds (3)
Scrolls
 b - 3 scrolls of blinking {unknown}
 e - 5 scrolls of teleportation {unknown}
 f - 2 scrolls of noise {unknown}
 g - a scroll of enchant armour {unknown}
 h - a scroll of fear {unknown}
 i - 9 scrolls of remove curse {unknown}
 j - 9 scrolls of identify {unknown}
 o - 4 scrolls of immolation {unknown}
 p - a scroll of enchant weapon {unknown}
 q - 2 scrolls of fog {unknown}
 x - a scroll of amnesia {unknown}
Potions
 k - a potion of degeneration {unknown}
 m - 4 potions of curing (quivered)
 s - a potion of cancellation {unknown}
 t - a potion of mutation {unknown}
 z - 2 potions of lignification {unknown}
 A - a potion of agility
 B - a potion of heal wounds {unknown}
Books
 D - a book of Minor Magic

   Spells                             Type                      Level
   a - Magic Dart                     Conjuration                  1
   b - Blink                          Translocation                2
   c - Call Imp                       Summoning                    2
   d - Slow                           Hexes                        2
   e - Conjure Flame                  Conjuration/Fire             3
   f - Mephitic Cloud                 Conjuration/Poison/Air       3
   Trog disapproves of the use of such an item.
Comestibles
 c - 15 rations


   Skills:
 + Level 8.6 Fighting
 + Level 14.4 Axes
 + Level 8.1 Armour
 - Level 2.1 Dodging
 + Level 2.7 Evocations


You had 9 spell levels left.
You didn't know any spells.

Dungeon Overview and Level Annotations

Branches:
Dungeon (8/15)             Temple (0/1) D:7
   Lair: D:8-11

Altars:
Ashenzari
Cheibriados
Elyvilon
Gozag
Hepliaklqana
Kikubaaqudgha
Okawaru
Qazlal
Trog
Wu Jian
Xom
Yredelemnul
Zin


Innate Abilities, Weirdness & Mutations

You reflexively headbutt those who attack you in melee.
You have a pair of horns on your head.


Message History

You hit the acid dragon but do no damage.
You hit the wyvern but do no damage. The acid dragon spits acid at you.
The splash of acid hits you!
* * * LOW HITPOINT WARNING * * *
The acid corrodes you!
You are splashed with acid!
The acid burns!
* * * LOW HITPOINT WARNING * * *
The wyvern barely misses you.
A two-headed ogre comes into view. It is wielding two giant spiked clubs.
You are too berserk!
The wyvern bites you!
* * * LOW HITPOINT WARNING * * *
You feel a strong urge to attack something.
You feel your anger nearly subside.
You are no longer berserk.
Trog's vigour flows through your veins.
You are exhausted.
You feel yourself slow down.
Okay, then.
The wyvern bites you!
You die...

..#....##.......#
.....#.####.#####
........# #.#
....##>.###.#
....##......#
############# ####
############..###
###..........##.#.####
#.....###.....@lD#...#
###..##..####..........#
.).##.####
####.....O..... #### ##
##.#......... #
..##.#...#.... ###
##.#.#..#.# ####.## # ##


You could see a two-headed ogre, a wyvern and an acid dragon.

Vanquished Creatures
  2 two-headed ogres (D:8)
  Pikel (D:4)
  Grinder (D:6)
  A hornet (D:7)
  Prince Ribbit (D:8)
  Sigmund (D:6)
  Eustachio (D:6)
  Menkaure (D:4)
  Edmund (D:6)
  A water moccasin (D:5)
  2 orc warriors
  4 slaves (D:4)
  A black bear (D:7)
  A sky beast (D:6)
  5 ogres
  4 centaurs
  A crocodile (D:8)
  A bullfrog (D:8)
  A scorpion (D:4)
  8 killer bees (D:8)
  A howler monkey (D:5)
  3 crimson imps
  2 hounds
  A centaur skeleton (D:5)
  4 orc priests
  7 orc wizards
  3 iguanas
  6 worker ants
  A killer bee zombie (D:7)
  A hound skeleton (D:6)
  A worker ant zombie (D:7)
  8 gnolls
  7 adders
  A shadow imp (D:7)
  An adder skeleton (D:4)
  12 dart slugs
  6 leopard geckos
  32 orcs
  A ball python (D:2)
  9 bats
  5 giant cockroaches
  4 hobgoblins
  7 jackals
  2 quokkas
  4 frilled lizards
  7 goblins
  6 kobolds
  3 quokka skeletons
  3 rats
187 creatures vanquished.

Notes
Turn   | Place    | Note
-------+----------+-------------------------------------------
     0 | D:1      | Mgcat the Minotaur Berserker began the quest for the Orb.
     0 | D:1      | Reached XP level 1. HP: 19/19 MP: 0/0
    75 | D:1      | Reached skill level 4 in Axes
   240 | D:1      | Reached XP level 2. HP: 26/26 MP: 1/1
   547 | D:1      | Reached skill level 5 in Axes
   870 | D:2      | Reached XP level 3. HP: 28/31 MP: 2/2
  1013 | D:2      | Noticed an ogre
  1017 | D:2      | Killed an ogre
  1017 | D:2      | Reached skill level 6 in Axes
  1017 | D:2      | Reached XP level 4. HP: 39/39 MP: 3/3
  1103 | D:2      | Found a bloodstained altar of Trog.
  1293 | D:2      | Reached ** piety under Trog
  1368 | D:2      | Reached skill level 7 in Axes
  1368 | D:2      | Reached XP level 5. HP: 45/45 MP: 4/4
  2451 | D:3      | Found a white marble altar of Elyvilon.
  2452 | D:3      | Reached skill level 8 in Axes
  2679 | D:4      | Reached XP level 6. HP: 49/51 MP: 5/5
  2763 | D:4      | Noticed Menkaure
  2771 | D:4      | Killed Menkaure
  2771 | D:4      | Reached skill level 9 in Axes
  2983 | D:4      | Reached *** piety under Trog
  3003 | D:4      | Noticed a slave
  3004 | D:4      | Noticed a slave
  3004 | D:4      | Noticed Pikel
  3005 | D:4      | Noticed a slave
  3005 | D:4      | Noticed a slave
  3012 | D:4      | Killed a slave
  3022 | D:4      | Killed a slave
  3024 | D:4      | Killed a slave
  3030 | D:4      | Killed a slave
  3032 | D:4      | Killed Pikel
  3032 | D:4      | Reached skill level 11 in Axes
  3032 | D:4      | Reached XP level 7. HP: 57/57 MP: 6/6
  3566 | D:5      | Entered Level 5 of the Dungeon
  3715 | D:5      | Reached XP level 8. HP: 64/64 MP: 7/7
  3765 | D:5      | Noticed an angel
  3765 | D:5      | Found a glowing silver altar of Zin.
  3767 | D:5      | Found a shimmering altar of Xom.
  3931 | D:5      | Found an ancient bone altar of Kikubaaqudgha.
  3934 | D:5      | Found a snail-covered altar of Cheibriados.
  3937 | D:5      | Found a stormy altar of Qazlal.
  3945 | D:5      | Reached skill level 12 in Axes
  3975 | D:5      | Found an opulent altar of Gozag.
  4545 | D:5      | Found an ornate altar of the Wu Jian Council.
  4714 | D:6      | Found a shattered altar of Ashenzari.
  5036 | D:6      | Noticed Sigmund
  5042 | D:6      | Killed Sigmund
  5095 | D:6      | Reached skill level 13 in Axes
  5336 | D:6      | Reached skill level 5 in Fighting
  5423 | D:6      | Noticed Edmund
  5431 | D:6      | Killed Edmund
  5431 | D:6      | Reached XP level 9. HP: 74/74 MP: 8/8
  5433 | D:6      | Noticed Eustachio
  5444 | D:6      | Killed Eustachio
  5507 | D:6      | Found an iron altar of Okawaru.
  5546 | D:6      | Reached skill level 5 in Armour
  5709 | D:6      | Noticed Grinder
  5720 | D:6      | Killed Grinder
  6426 | D:7      | Found a hazy altar of Hepliaklqana.
  6803 | D:7      | Paralysed by a hornet for 2 turns
  6818 | D:7      | Paralysed by a hornet for 1 turns
  7236 | D:7      | Reached **** piety under Trog
  7301 | D:7      | Found a basalt altar of Yredelemnul.
  7352 | D:7      | Found a staircase to the Ecumenical Temple.
  7727 | D:8      | Reached skill level 14 in Axes
  7815 | D:8      | Noticed Prince Ribbit
  7825 | D:8      | Killed Prince Ribbit
  7825 | D:8      | Reached XP level 10. HP: 88/88 MP: 9/9
  8024 | D:8      | Reached skill level 1 in Evocations
  8479 | D:8      | Noticed a two-headed ogre
  8485 | D:8      | Noticed a two-headed ogre
  8490 | D:8      | Killed a two-headed ogre
  8515 | D:8      | Killed a two-headed ogre
  8897 | D:8      | Noticed a two-headed ogre
  8901 | D:8      | Slain by a wyvern

Skill      XL: |  1  2  3  4  5  6  7  8  9 10 |
---------------+-------------------------------+-----
Axes           | 4 5 6 7 8 11 13 14 | 14.4
Fighting       | 5 7 8 |  8.6
Armour         | 4 7 8 |  8.1
Evocations     | 2 |  2.7
Dodging        | |  2.1

Action                   |  1- 3 |  4- 6 |  7- 9 | 10-12 || total
-------------------------+-------+-------+-------+-------++-------
Melee: Hand axe          |    36 |   148 |   267 |       ||   451
       Headbutt          |     8 |    23 |    71 |    11 ||   113
       War axe           |       |       |    42 |    59 ||   101
Invok: Burn Spellbooks   |       |     2 |     4 |       ||     6
       Berserk           |       |     2 |    10 |     2 ||    14
       Trog's Hand       |       |     2 |    10 |     2 ||    14
  Use: Potion            |       |       |     1 |     1 ||     2
  Eat: Chunk             |       |     8 |    27 |     2 ||    37
       Ration            |       |       |       |     1 ||     1
Armor: Animal skin       |     3 |       |       |       ||     3
       Scale mail        |    15 |       |       |       ||    15
       Chain mail        |     1 |    68 |    35 |       ||   104
       Plate armour      |       |       |    60 |    33 ||    93
Dodge: Dodged            |    30 |    67 |   123 |    41 ||   261
